 Dungeon Crawl Stone Soup version 0.18.1-48-g4cf74bf (webtiles) character file.

13972 Elitist the Grappler (level 12, 0/104 HPs)
             Began as a Ghoul Monk on Aug 6, 2016.
             Was the Champion of Makhleb.
             Slain by a komodo dragon (8 damage)
             ... on level 2 of the Lair of Beasts.
             The game lasted 00:34:47 (10988 turns).

Elitist the Grappler (Ghoul Monk)                  Turns: 10988, Time: 00:34:47

Health: 0/104      AC: 15    Str: 19    XL:     12   Next: 11%
Magic:  0/17       EV: -3    Int: 13    God:    Makhleb [******]
Gold:   519        SH:  0    Dex: 11    Spells: 1 memorised, 9 levels left

rFire  + . .     SeeInvis .       - Unarmed
rCold  + . .     Gourm    .     M - +2 chain mail {rF+}
rNeg   + + +     Faith    .     (no shield)
rPois  ∞         Spirit   +     v - +0 hat {Int+3}
rElec  .         Dismiss  .     H - +0 cloak
rCorr  .         Reflect  .     (no gloves)
SustAt .         Harm     .     t - +0 pair of boots
MR     .....                    T - amulet of guardian spirit
Stlth  ..........               J - +4 ring of intelligence
                                h - +4 ring of slaying

@: petrified, very slightly contaminated, rotting, hasted, not resistant to
hostile enchantments, extremely unstealthy
A: rotting body, claws 1, carnivore 3, cold resistance 1, negative energy
resistance 3, slow regeneration 1, torment resistance, unbreathing
a: Minor Destruction, Lesser Servant of Makhleb, Major Destruction, Greater
Servant of Makhleb, Renounce Religion


You were on level 2 of the Lair of Beasts.
You worshipped Makhleb.
Makhleb was exalted by your worship.
You were not hungry.

You visited 3 branches of the dungeon, and saw 15 of its levels.

You collected 924 gold pieces.
You spent 405 gold pieces at shops.

Inventory:

Hand Weapons
 j - a +2 whip of electrocution
Missiles
 s - 4 throwing nets
 y - 15 tomahawks (quivered)
 Y - 3 javelins
Armour
 t - a +0 pair of boots (worn)
 v - a +0 hat of intelligence (worn)
 H - a +0 cloak (worn)
 M - a +2 chain mail of fire resistance (worn)
Jewellery
 h - a +4 ring of slaying (left claw)
 J - a +4 ring of intelligence (right claw)
 T - an amulet of guardian spirit (around neck)
Wands
 c - a wand of acid (9/15)
 B - a wand of iceblast (3/15)
 F - a wand of digging (7/24)
 K - a wand of digging (11/24)
Scrolls
 a - 2 scrolls of noise
 e - 2 scrolls of fog
 g - a scroll of blinking
 i - 5 scrolls of teleportation
 k - 6 scrolls of remove curse
 A - 2 scrolls of identify
 V - 3 scrolls of magic mapping
Potions
 d - 8 potions of curing
 l - a potion of might
 q - 2 potions of brilliance
 G - 2 potions of invisibility
 I - a potion of heal wounds
 U - 2 potions of agility
Miscellaneous
 n - a crystal ball of energy
Comestibles
 b - 5 meat rations
 f - 4 chunks of flesh
 o - 10 beef jerkies


   Skills:
 - Level 9.2 Fighting
 + Level 7.5 Armour
 - Level 5.1 Dodging
 - Level 2.1 Stealth
 * Level 13.7 Unarmed Combat
 + Level 1.0 Spellcasting
 + Level 2.2 Necromancy
 - Level 8.4 Invocations


You had 9 spell levels left.
You knew the following spells:

 Your Spells              Type           Power        Failure   Level  Hunger
a - Animate Dead          Necr           N/A          100%        4    #####..


Dungeon Overview and Level Annotations

Branches:
Dungeon (12/15)            Temple (1/1) D:5            Lair (2/8) D:11
    Orc (0/2) D:11

Altars:
Ashenzari
Cheibriados
Dithmenos
Elyvilon
Fedhas
Gozag
Kikubaaqudgha
Makhleb
Nemelex Xobeh
Okawaru
Pakellas
Qazlal
Ru
Sif Muna
Trog
Vehumet
Xom
Yredelemnul
Zin
The Shining One

Shops:
D:4 %   D:8 }   D:11 *}[

Annotations:
D:3 Pikel


Innate Abilities, Weirdness & Mutations

Your body is rotting away.
You thrive on raw meat.
You are immune to poison.
You have sharp fingernails.
You are carnivorous and can eat meat at any time.
Your flesh is cold resistant.
You are immune to negative energy.
You regenerate slowly when monsters are visible.
You are immune to unholy pain and torment.
You can survive without breathing.


Message History

The basilisk gazes at you. You resist with some effort.
The porcupine bites you but does no damage.
Drink which item? (? for menu, Esc to quit)
You feel yourself speed up. The porcupine bites you!
* * * LOW HITPOINT WARNING * * *
You are very lightly contaminated with residual magic.
The basilisk gazes at you.
You are slowing down.
Found a stone staircase leading down.
Your limbs are stiffening.
Read which item? (? for menu, Esc to quit)
Okay, then.
Read which item? (? for menu, Esc to quit)
Blink to where?
Press: ? - help, Dir - move target cursor
As you read the scroll of blinking, it crumbles to dust.
You have turned to stone.
The komodo dragon bites you!!
You die...

....#.#....##.#.##.
......##...........
........#..........
....!...#..........
#.........#........
#.8..##...r........
#...##.#.†.#######.
...[.#.#..l#
..>.....8.@# ..
..#.#...# ###..##
.P.#. ....# ....
#...## ... ....# ..
....# . ...# # #


You could see a komodo dragon and a porcupine.

Vanquished Creatures
  A fire giant (D:12)
  Erolcha (D:11)
  Fannar (D:11)
  The ghost of Jackiechan the Blocker, a novice MiFi of Okawaru (D:11)
  An ugly thing (D:11)
  Joseph (D:7)
  A black mamba (Lair:1)
  2 spiny frogs (Lair:1)
  A gargoyle (D:11)
  A komodo dragon (Lair:2)
  3 trolls
  Prince Ribbit (D:6)
  A two-headed ogre (D:10)
  15 yaks
  A wraith (D:10)
  A wyvern (D:11)
  2 hippogriffs
  A hungry ghost (D:12)
  The ghost of Foodahn the Digger, an amateur GrEE of Vehumet (D:3)
  2 black bears
  3 ice beasts
  3 slaves
  An eye of draining (D:10)
  2 sky beasts (D:11)
  5 ogres
  7 centaurs
  2 crocodiles
  5 giant frogs
  3 scorpions
  A water moccasin skeleton (D:7)
  5 killer bees (D:11)
  3 howler monkeys
  A centaur zombie (D:12)
  7 crimson imps
  A quasit (D:10)
  2 giant frog zombies
  8 hounds
  2 jellies
  7 orc wizards
  9 orc priests
  2 giant frog skeletons
  4 iguanas
  6 worker ants
  A hound skeleton (D:7)
  6 gnolls
  A howler monkey skeleton (D:11)
  16 adders
  2 shadow imps
  2 oozes
  2 adder skeletons (D:9)
  2 dart slugs
  6 giant geckos
  64 orcs
  4 ball pythons
  7 bats
  4 giant cockroaches
  6 goblins
  5 hobgoblins
  15 jackals
  4 quokkas
  2 giant gecko zombies
  5 giant newts
  7 kobolds
  2 quokka skeletons
  4 rats
295 creatures vanquished.

Vanquished Creatures (collateral kills)
  An orc (D:11)
1 creature vanquished.

Grand Total: 296 creatures vanquished

Notes
Turn   | Place    | Note
--------------------------------------------------------------
     0 | D:1      | Elitist the Ghoul Monk began the quest for the Orb.
     0 | D:1      | Reached XP level 1. HP: 19/19 MP: 0/0
    40 | D:1      | Found a shattered altar of Ashenzari.
   376 | D:1      | Reached XP level 2. HP: 18/25 MP: 1/1
   755 | D:1      | Reached XP level 3. HP: 33/33 MP: 2/2
  1100 | D:2      | Reached XP level 4. HP: 35/41 MP: 3/3
  1139 | D:2      | Reached skill level 5 in Unarmed Combat
  1401 | D:2      | Reached XP level 5. HP: 47/47 MP: 4/4
  1504 | D:2      | Reached skill level 5 in Fighting
  1564 | D:3      | Noticed Foodahn's ghost (amateur GrEE)
  1666 | D:3      | Killed Foodahn's ghost
  1666 | D:3      | Reached skill level 6 in Unarmed Combat
  1666 | D:3      | Reached XP level 6. HP: 50/57 MP: 5/5
  1795 | D:3      | Found a sparkling altar of Nemelex Xobeh.
  2215 | D:4      | Noticed Pikel
  2216 | D:4      | Noticed a slave
  2220 | D:4      | Noticed a slave
  2221 | D:4      | Noticed a slave
  2224 | D:4      | Noticed a slave
  2358 | D:4      | Killed a slave
  2366 | D:3      | Killed a slave
  2677 | D:4      | Found Riozil's Food Shoppe.
  2736 | D:4      | Reached XP level 7. HP: 63/64 MP: 6/6
  3085 | D:4      | Reached skill level 7 in Unarmed Combat
  3142 | D:5      | Entered Level 5 of the Dungeon
  3269 | D:5      | Reached XP level 8. HP: 71/73 MP: 7/7
  3569 | D:5      | Reached skill level 8 in Unarmed Combat
  3705 | D:5      | Found a staircase to the Ecumenical Temple.
  3708 | D:5      | Found an iron altar of Okawaru.
  3712 | Temple   | Entered the Ecumenical Temple
  3845 | Temple   | Became a worshipper of Makhleb the Destroyer
  3845 | Temple   | Reached * piety under Makhleb
  3845 | Temple   | Reached ** piety under Makhleb
  4134 | D:6      | Reached skill level 1 in Armour
  4222 | D:6      | Noticed Prince Ribbit
  4233 | D:6      | Killed Prince Ribbit
  4295 | D:6      | Reached skill level 9 in Unarmed Combat
  4625 | D:7      | Found an iron altar of Okawaru.
  4627 | D:7      | Found a shadowy altar of Dithmenos.
  4725 | D:7      | Noticed Joseph
  4741 | D:7      | Killed Joseph
  4741 | D:7      | Reached XP level 9. HP: 43/82 MP: 7/9
  4893 | D:7      | Found an opulent altar of Gozag.
  5152 | D:7      | Reached *** piety under Makhleb
  5302 | D:7      | Found a sacrificial altar of Ru.
  5302 | D:7      | Found an oddly glowing altar of Pakellas.
  5469 | D:8      | Reached skill level 10 in Unarmed Combat
  6062 | D:8      | Found an oddly glowing altar of Pakellas.
  6062 | D:8      | Found Pakellas's Prime Provisions.
  6088 | D:8      | Found a glowing silver altar of Zin.
  6109 | D:8      | Got an ancient quarterstaff
  6421 | D:9      | Learned a level 4 spell: Animate Dead
  6478 | D:9      | Reached XP level 10. HP: 91/91 MP: 12/12
  6481 | D:9      | Identified the +2 quarterstaff "Ceibbam" {flame, *Drain Int+3 Dex+3} (You found it on level 8 of the Dungeon)
  6503 | D:9      | Reached **** piety under Makhleb
  6508 | D:9      | Reached skill level 1 in Necromancy
  6604 | D:9      | Reached skill level 11 in Unarmed Combat
  7112 | D:10     | Entered Level 10 of the Dungeon
  7156 | D:9      | Reached skill level 5 in Invocations
  7321 | D:10     | Reached skill level 5 in Armour
  7828 | D:10     | Reached skill level 12 in Unarmed Combat
  7844 | D:10     | Reached ***** piety under Makhleb
  7873 | D:10     | Found an iron altar of Okawaru.
  8023 | D:11     | Found Daugumor's Gadget Shop.
  8025 | D:11     | Noticed Fannar
  8041 | D:11     | Killed Fannar
  8041 | D:11     | Reached XP level 11. HP: 97/97 MP: 12/14
  8073 | D:11     | Noticed Erolcha
  8081 | D:11     | Killed Erolcha
  8318 | D:11     | Found a staircase to the Lair.
  8399 | D:11     | Noticed Jackiechan's ghost (novice MiFi)
  8422 | D:11     | Killed Jackiechan's ghost
  8422 | D:11     | Reached skill level 13 in Unarmed Combat
  8538 | D:11     | Found a staircase to the Orcish Mines.
  8773 | D:11     | Found Der Ybige's Assorted Antiques.
  8783 | D:11     | Bought a scroll labeled CUCKICOLEU for 27 gold pieces
  8783 | D:11     | Bought a scroll labeled JIMYCHUUNTU for 27 gold pieces
  8783 | D:11     | Bought a scroll of identify for 54 gold pieces
  8783 | D:11     | Bought a scroll labeled JUSISHOOMA for 27 gold pieces
  8783 | D:11     | Bought a small iron ring for 135 gold pieces
  8783 | D:11     | Bought a dented filigree amulet for 135 gold pieces
  9205 | D:11     | Noticed a green ugly thing
  9221 | D:11     | Killed a green ugly thing
  9251 | D:11     | Found Wiynirir's Antique Armour Shop.
  9623 | D:12     | Noticed a fire giant
  9636 | D:12     | Killed a fire giant
  9679 | D:12     | Noticed a deep elf archer
  9680 | D:12     | Noticed an ettin
  9680 | D:12     | Noticed a skeletal warrior
  9680 | D:12     | Noticed a cyan ugly thing
  9680 | D:12     | Noticed a deep elf high priest
  9706 | D:11     | Reached skill level 5 in Dodging
  9980 | Lair:1   | Entered Level 1 of the Lair of Beasts
 10555 | Lair:1   | Reached XP level 12. HP: 103/103 MP: 14/17
 10756 | Lair:1   | Reached ****** piety under Makhleb
 10972 | Lair:2   | Reached skill level 1 in Spellcasting
 10988 | Lair:2   | Slain by a komodo dragon

Skill      XL: |  1  2  3  4  5  6  7  8  9 10 11 12 |
---------------+-------------------------------------+-----
Dodging        | 3 5 |  5.1
Fighting       | 4 5 6 7 8 9 |  9.2
Unarmed Combat | 5 6 7 9 10 12 13 | 13.7
Armour         | 2 4 6 7 |  7.5
Invocations    | 2 4 6 8 |  8.4
Necromancy     | 1 2 |  2.2
Spellcasting   | 1 |  1.0
Stealth        | |  2.1

Action                   |  1- 3 |  4- 6 |  7- 9 | 10-12 || total
-------------------------+-------+-------+-------+-------++-------
Melee: Unarmed           |    49 |   154 |   276 |   488 ||   967
       Punch             |       |     3 |     9 |    24 ||    36
Throw: Tomahawk          |       |       |     3 |     3 ||     6
       Javelin           |       |       |       |     9 ||     9
       Throwing net      |       |       |       |     3 ||     3
Evoke: Wand              |       |       |     3 |       ||     3
  Use: Scroll            |       |     3 |    10 |    13 ||    26
       Potion            |       |     1 |       |     3 ||     4
 Stab: Sleeping          |     3 |     1 |       |       ||     4
       Distracted        |       |     1 |       |       ||     1
       Held in net/web   |       |       |       |     3 ||     3
  Eat: Chunk             |     8 |    10 |    22 |    19 ||    59
Armor: Robe              |     9 |     7 |       |       ||    16
       Ring mail         |       |    44 |    34 |       ||    78
       Scale mail        |       |       |    22 |       ||    22
       Chain mail        |       |       |    56 |   206 ||   262
Dodge: Dodged            |    22 |    95 |   138 |   195 ||   450
